Map: Old Sun Temple LE

Players

Seeloo

  • Race: Zerg Zerg
  • League: Gold

GhostRobo - Winner!

  • Race: Terran Terran
  • League: Gold

VOD

Have the link to the VOD?

Description

Time

  • Played on: July 22, 2026, 10:40 a.m.
  • Length: 13:08
Show
View Real Time Build Order
Export as new Build Order

Seeloo Zerg 

Build Orders: Hatch First 

Get SALT Encoding   

  8  0:04  Drone  
  9  0:23  Drone  
  9  0:25  Drone  
  9  0:28  Drone  
  12  0:38  Overlord  
  12  0:57  Drone x2  
  14  1:04  Drone  
  15  1:14  Drone  
  16  1:24  Drone  
  17  1:40  Hatchery  
  17  1:42  Extractor  
  17  1:44  Extractor  
  14  1:53  Drone x2  
  16  1:55  Drone  
  17  2:16  Spawning Pool  
  17  2:17  Drone x2  
  18  2:23  Drone  
  19  2:34  Overlord  
  19  2:43  Drone  
  20  2:54  Drone x2  
  22  3:02  Drone  
  22  3:03  Queen  
  25  3:05  Queen  
  25  3:08  Zergling x2  
  28  3:14  Zergling x4  
  30  3:20  Baneling Nest  
  30  3:23  Drone  
  30  3:28  Drone  
  30  3:34  Drone  
  32  3:36  Overlord  
  32  3:49  Lair  
  32  3:54  Overlord  
  32  3:59  Drone x2  
  34  4:05  Baneling x3  
  34  4:06  Baneling x2  
  34  4:08  Baneling  
  34  4:11  Metabolic Boost  
  34  4:17  Drone  
  34  4:23  Drone  
  36  4:25  Drone  
  36  4:29  Drone  
  36  4:31  Drone  
  39  4:39  Drone  
  39  4:40  Drone x2  
  39  4:43  Drone  
  39  4:44  Drone x2  
  45  4:46  Overlord  
  45  4:51  Queen  
  47  4:57  Extractor  
  47  4:58  Extractor  
  45  5:00  Drone  
  45  5:07  Spire  
  45  5:09  Infestation Pit  
  45  5:12  Queen  
  46  5:21  Zergling x6  
  49  5:28  Spire  
  49  5:30  Drone x2  
  49  5:31  Drone  
  51  5:48  Drone x3  
  54  6:07  Hive  
  54  6:11  Zergling x4  
  56  6:13  Overlord x3  
  56  6:14  Overlord x4  
  56  6:29  Pneumatized Carapace  
  56  6:31  Overlord x2  
  56  6:34  Mutalisk x2  
  60  7:01  Mutalisk x2  
  60  7:02  Mutalisk  
  60  7:04  Mutalisk x3  
  72  7:13  Zerg Flyer Weapons Level 1  
  72  7:25  Greater Spire  
  72  7:27  Drone x3  
  75  7:46  Overseer  
  75  7:48  Zergling x2  
  75  7:49  Zergling x14  
  75  7:50  Zergling x2  
  84  7:53  Baneling x4  
  84  7:54  Baneling x6  
  80  8:13  Corruptor  
  80  8:14  Corruptor  
  81  8:30  Extractor  
  81  8:31  Hatchery  
  79  8:39  Corruptor x3  
  79  8:40  Zergling x2  
  79  8:41  Zergling x8  
  90  8:45  Extractor  
  89  9:18  Zerg Flyer Armor Level 1  
  89  9:22  Corruptor  
  89  9:23  Corruptor x2  
  89  9:24  Zergling x6  
  96  9:26  Baneling x2  
  96  9:27  Baneling x3  
  98  9:59  Brood Lord x2  
  102  10:01  Drone x3  
  102  10:02  Drone x5  
  110  10:11  Baneling x7  
  110  10:16  Queen  
  110  10:18  Queen x2  
  116  10:23  Centrifugal Hooks  
  116  10:28  Drone x3  
  117  10:29  Drone x4  
  123  10:41  Corruptor  
  123  10:42  Corruptor x2  
  129  10:47  Baneling x4  
  129  10:51  Queen  
  131  10:59  Baneling x4  
  131  11:00  Baneling x4  
  131  11:02  Baneling  
  131  11:04  Baneling  
  131  11:05  Baneling  
  131  11:13  Spore Crawler x2  
  131  11:14  Spore Crawler  
  131  11:17  Spore Crawler  
  127  11:20  Spore Crawler x2  
  125  11:34  Brood Lord x3  
  125  11:38  Overlord x6  
  95  12:04  Zergling x4  
  95  12:05  Zergling x14  
  95  12:06  Zergling x14  
  85  12:23  Zergling x14  
  85  12:24  Zergling x4  
  65  12:41  Zergling x2  
  65  12:42  Zergling x14  
  65  12:43  Zergling x2  
Show
View Real Time Build Order
Export as new Build Order

GhostRobo Terran - Winner!

Build Orders:  

Get SALT Encoding   

  8  0:00  SCV  
  9  0:12  SCV  
  10  0:24  SCV  
  11  0:29  Supply Depot  
  11  0:37  SCV  
  12  0:49  SCV  
  13  0:56  Barracks  
  13  1:04  Refinery  
  13  1:08  SCV  
  14  1:22  SCV  
  15  1:34  SCV  
  16  1:46  Orbital Command  
  16  1:47  Marine  
  17  2:07  Command Center  
  17  2:10  Marine  
  18  2:18  SCV  
  19  2:27  Supply Depot  
  19  2:35  Barracks Reactor  
  19  2:39  SCV  
  20  2:50  Factory  
  20  2:51  SCV  
  21  3:03  SCV  
  22  3:14  Marine x2  
  22  3:15  SCV  
  25  3:20  Refinery  
  25  3:22  Orbital Command  
  25  3:32  SCV, Marine  
  27  3:35  Factory Tech Lab  
  27  3:38  Starport  
  27  3:44  SCV  
  27  3:48  Marine  
  29  3:49  SCV  
  29  3:50  Marine  
  30  3:56  SCV  
  30  4:01  SCV  
  32  4:03  Supply Depot  
  32  4:07  Siege Tank  
  32  4:08  SCV  
  36  4:11  Marine  
  36  4:12  Marine  
  38  4:17  Starport Tech Lab  
  38  4:21  Barracks  
  38  4:25  SCV  
  38  4:29  Marine  
  40  4:32  Supply Depot, SCV  
  41  4:40  Banshee  
  44  4:49  Marine x2  
  44  4:51  SCV  
  44  4:52  SCV  
  48  4:57  Supply Depot  
  48  4:59  Siege Tank  
  51  5:03  SCV  
  52  5:07  SCV, Marine  
  54  5:16  SCV  
  54  5:17  Command Center  
  54  5:19  SCV  
  56  5:24  Supply Depot  
  56  5:28  SCV  
  57  5:31  SCV  
  57  5:33  Starport Reactor  
  57  5:35  Refinery  
  58  5:38  Siege Tank  
  58  5:39  Marine  
  58  5:40  Marine, SCV  
  64  5:43  SCV  
  64  5:49  Engineering Bay  
  65  5:52  SCV  
  65  5:53  Marine  
  65  5:54  Engineering Bay  
  65  5:55  SCV  
  65  5:56  Stimpack  
  68  6:04  SCV  
  68  6:05  Supply Depot  
  68  6:11  SCV  
  70  6:15  Refinery  
  70  6:16  SCV  
  70  6:18  Medivac  
  73  6:24  Supply Depot  
  73  6:25  Terran Infantry Weapons Level 1  
  73  6:26  Supply Depot  
  73  6:27  Medivac  
  75  6:32  Terran Infantry Armor Level 1  
  75  6:34  SCV x2  
  75  6:36  Marine x2  
  75  6:39  Orbital Command  
  79  6:46  SCV x2  
  81  6:47  Marine  
  81  6:48  Medivac  
  84  6:54  Marine  
  84  6:58  SCV  
  84  6:59  SCV  
  87  7:03  Orbital Command  
  87  7:10  SCV  
  87  7:11  SCV, Marine x2  
  87  7:12  Marine  
  92  7:23  SCV x2  
  92  7:25  Armory  
  92  7:26  Medivac x2  
  92  7:29  Marine x2  
  100  7:30  Marine  
  100  7:35  Barracks  
  100  7:36  Barracks, SCV x2  
  103  7:37  Barracks  
  103  7:39  SCV  
  103  7:41  Barracks  
  104  7:47  Marine  
  104  7:48  SCV x2  
  107  7:51  SCV  
  107  7:52  Marine x2  
  110  8:00  SCV  
  110  8:04  Marine  
  111  8:10  Marine, SCV  
  111  8:11  SCV  
  111  8:12  SCV  
  109  8:15  Thor  
  103  8:20  Marine  
  103  8:22  Marine  
  103  8:24  Missile Turret x2  
  105  8:29  Missile Turret  
  105  8:31  Missile Turret  
  106  8:34  SCV x3  
  106  8:38  Refinery  
  106  8:39  Barracks Reactor x4, Refinery  
  108  8:41  Medivac  
  108  8:42  Marine  
  111  8:50  Supply Depot  
  111  8:51  Supply Depot x2  
  111  8:52  Supply Depot  
  111  8:53  Supply Depot  
  111  9:04  Terran Infantry Weapons Level 2  
  111  9:11  Marine x3, Medivac x2  
  111  9:12  Thor  
  124  9:17  SCV x3  
  127  9:29  Marine, SCV x2  
  127  9:30  Marine x5, Command Center  
  127  9:31  Marine  
  136  9:41  Medivac x2  
  140  9:50  Terran Infantry Armor Level 2  
  140  9:51  Terran Vehicle Weapons Level 1  
  140  9:53  SCV x3  
  140  9:54  Marine x4  
  140  9:55  Thor  
  140  9:56  Thor x2, Marine x3  
  140  9:57  Marine x2  
  158  10:12  SCV  
  159  10:15  Barracks  
  159  10:17  Medivac x2, SCV x2  
  159  10:18  Barracks  
  159  10:20  Barracks, Supply Depot  
  159  10:21  Marine x2, Supply Depot  
  166  10:22  Supply Depot  
  167  10:41  Marine x11  
  167  10:42  Thor  
  184  10:45  Missile Turret  
  184  10:46  Missile Turret  
  184  10:47  Medivac  
  184  10:49  Command Center  
  186  10:56  Medivac  
  188  10:59  Marine x10  
  198  11:08  Barracks Reactor x2  
  198  11:09  Barracks Reactor  
  198  11:34  Barracks x2  
  198  11:35  Starport  
  198  11:36  Barracks  
  198  11:37  Barracks  
  198  11:41  Barracks  
  198  11:43  Factory  
  198  11:48  Barracks  
  198  11:49  Marine  
  198  11:50  Marine x15  
  156  11:56  Marine  
  156  11:57  Thor  
  160  12:07  Marine x4  
  158  12:12  Marine x11  
  158  12:14  Medivac  
Tags
 
Add a new tag
Caveats
  • Supply blocks, unpowered buildings, or Contaminate may cause inaccurate times.
  • Supply counts are checked every 10 seconds.